 Dungeon Crawl Stone Soup version 0.25.1-2-g60ff931df9 (webtiles) character file.

Game seed: 3022352089849611317

178 Johnny the Chiller (level 5, -1/41 HPs)
             Began as a Demigod Ice Elementalist on Sept 3, 2020.
             Slain by a gnoll
             ... wielding a +0 club
              (8 damage)
             ... on level 5 of the Dungeon.
             The game lasted 00:02:47 (3734 turns).

Johnny the Chiller (Demigod Ice Elementalist)       Turns: 3734, Time: 00:02:48

Health: -1/41      AC:  5    Str:  8 (11) XL:     5   Next: 10%
Magic:  12/12      EV: 11    Int: 18 (21) God:
Gold:   109        SH:  0    Dex: 13 (16) Spells: 5/9 levels left

rFire    . . .     SeeInvis .   k - +4 dagger
rCold    . . .     Gourm    .   (no shield)
rNeg     . . .     Faith    +   a - +0 robe
rPois    .         Spirit   .   n - +0 helmet (curse)
rElec    .         Reflect  .   (no cloak)
rCorr    .         Harm     .   f - +0 pair of gloves
MR       .....                  b - +0 pair of boots
Stlth    ++........             l - amulet of faith
HPRegen  0.13/turn              (no ring)
MPRegen  0.13/turn              (no ring)

@: stab, drained
A: high mp 1
a: no special abilities


You were on level 5 of the Dungeon.
You were not hungry.

You visited 1 branch of the dungeon, and saw 5 of its levels.

You collected 109 gold pieces.

Inventory:

Hand Weapons
 k - a +4 dagger (weapon)
Armour
 a - a +0 robe (worn)
 b - a +0 pair of boots (worn)
 f - a +0 pair of gloves (worn)
 n - a cursed +0 helmet (worn)
Jewellery
 l - an amulet of faith (around neck)
 v - a +4 ring of protection {unknown}
Scrolls
 e - 3 scrolls of identify {unknown}
 g - 2 scrolls of enchant weapon {unknown}
 h - a scroll of blinking {unknown}
 i - a scroll of amnesia {unknown}
 j - a scroll of teleportation {unknown}
 p - 2 scrolls of magic mapping {unknown}
 r - a scroll of fog {unknown}
 s - 3 scrolls of remove curse {unknown}
Potions
 t - a potion of lignification {unknown}
Comestibles
 c - 5 rations
 u - 3 chunks of flesh


   Skills:
 + Level 1.8(0.9) Fighting
 - Level 1.7(0.8) Dodging
 - Level 1.7(0.8) Stealth
 + Level 2.8(1.8) Spellcasting
 * Level 5.0(4.0) Ice Magic


You had 5 spell levels left.
You knew the following spells:

 Your Spells              Type           Power        Failure   Level  Hunger
a - Freeze                Ice            ###.         3%          1    #......
b - Frozen Ramparts       Ice            ###...       11%         3    ###....

Your spell library contained the following spells:

 Spells                   Type           Power        Failure   Level  Hunger
 Ozocubu's Armour         Chrm/Ice       #.......     24%         3    ###....
 Hailstorm                Conj/Ice       #.......     63%         4    #####..
 Summon Ice Beast         Ice/Summ       #.......     63%         4    #####..


Dungeon Overview and Level Annotations

Branches:
Dungeon (5/15)
 Temple: D:4-7

Annotations:
D:4 Edmund


Innate Abilities, Weirdness & Mutations

You have an increased reservoir of magic. (+10% MP)


Message History

The adder bites you.
* * * LOW HITPOINT WARNING * * *
The gnoll misses you. The gnoll hits you with a +0 spear.
* * * LOW HITPOINT WARNING * * *
It was a potion of curing.
You feel better.
You feel less invigorated. The gnoll hits you with a +0 flail!
The adder barely misses you. The gnoll closely misses you.
It was a potion of stabbing.
You feel ready to backstab. The adder closely misses you.
The gnoll hits you with a +0 club. The adder closely misses you.
The gnoll hits you with a +0 flail.
* * * LOW HITPOINT WARNING * * *
The gnoll hits you with a +0 spear.
* * * LOW HITPOINT WARNING * * *
The adder completely misses you.
It was a potion of degeneration.
There was something very wrong with that liquid.
You feel weakened.
You feel dopey.
You feel clumsy. The gnoll hits you with a +0 club!
You die...

... .?..> ....
..# ######..# #
#.S@g...#.#
#.Sgg.....##
#.5g.......?
#...<...#.#
.....)....%....
######$#.###.##
#.#.# # #.#.#
#.#..


You could see 4 gnolls, a crimson imp and 2 adders.

Vanquished Creatures
  An iguana (D:4)
  A worker ant (D:4)
  6 adders
  2 worms
  2 dart slugs (D:2)
  2 leopard geckos
  6 orcs
  6 giant cockroaches
  5 goblins
  9 hobgoblins
  6 kobolds
  A quokka (D:3)
  6 bats
  2 frilled lizards
  4 rats
  A spectral orc (D:2)
60 creatures vanquished.

Notes
Turn   | Place    | Note
-------+----------+-------------------------------------------
     0 | D:1      | Johnny the Demigod Ice Elementalist began the quest for the
                  | Orb.
     0 | D:1      | Reached XP level 1. HP: 14/14 MP: 5/5
  1000 | D:1      | Reached XP level 2. HP: 17/20 MP: 2/7
  1268 | D:2      | Reached skill level 4 in Ice Magic
  1754 | D:2      | Found a basalt altar of Yredelemnul.
  2028 | D:2      | Reached XP level 3. HP: 22/27 MP: 8/8
  2340 | D:2      | Found an ornate altar of the Wu Jian Council.
  2341 | D:2      | Found an iron altar of Okawaru.
  2341 | D:2      | Found a shimmering blue altar of Sif Muna.
  2510 | D:3      | Found a faded altar of an unknown god.
  2539 | D:3      | Found a sacrificial altar of Ru.
  2609 | D:3      | Reached skill level 1 in Fighting
  2629 | D:3      | Learned a level 3 spell: Frozen Ramparts
  2802 | D:3      | Reached XP level 4. HP: 30/35 MP: 8/10
  2863 | D:3      | Found a sparkling altar of Nemelex Xobeh.
  3130 | D:3      | Found a stormy altar of Qazlal.
  3575 | D:4      | Reached skill level 5 in Ice Magic
  3621 | D:4      | Reached XP level 5. HP: 33/41 MP: 9/12
  3701 | D:4      | Noticed Edmund
  3727 | D:5      | Entered Level 5 of the Dungeon
  3734 | D:5      | Slain by a gnoll

Illustrated notes

Levels and vault maps discovered:
D:1:      dpeg_arrival_boxes_within_box, layout_loops_ring
D:2:      layout_rooms, grunt_temple_overflow_open,
          yredelemnul_forgotten_temple_becter, serial_bayou_lagoon_b
D:3:      layout_rooms, nemelex_altar_shiori, overflow_temple_1_default,
          nicolae_qazlal_eye_of_the_storm, chequers_ecumenical_altar_simple
D:4:      layout_loops_ring, first_ration, uniq_duvessa, uniq_edmund
D:5:      layout_loops_ring, minmay_temple_entry_sparse_star,
          grunt_decor_arrowhead, dk_rats_in_the_wall

Skill      XL: |  1  2  3  4 |
---------------+-------------+-----
Spellcasting   | 2 |  2.8
Ice Magic      | 4 5 |  5.0
Fighting       | 1 |  1.8
Dodging        | |  1.7
Stealth        | |  1.7

Action                   |  1- 3 |  4- 6 || total
-------------------------+-------+-------++-------
Melee: Unarmed           |    50 |       ||    50
       Dagger            |    90 |    17 ||   107
 Cast: Freeze            |    24 |    26 ||    50
       Frozen Ramparts   |       |     1 ||     1
  Use: Potion            |       |     4 ||     4
 Stab: Sleeping          |     6 |     2 ||     8
  Eat: Chunk             |     6 |     3 ||     9
Armor: Robe              |    53 |     8 ||    61
Dodge: Dodged            |   109 |    33 ||   142
